 Dungeon Crawl Stone Soup version 0.30.1-11-g7821555f0a (webtiles) character file.

Game seed: 14317859284600533538

99 rumournova the Chopper (level 4, -4/40 HPs)
             Began as a Draconian Monk on Nov 24, 2023.
             Blown up by Ijyb (14 damage)
             ... with a mindburst bolt
             ... on level 3 of the Dungeon.
             The game lasted 00:05:26 (1449 turns).

rumournova the Chopper (Draconian Monk)             Turns: 1449, Time: 00:05:26

Health: -4/40      AC:  5    Str: 16    XL:     4   Next: 45%
Magic:  4/4        EV: 13    Int: 10    God:
Gold:   260        SH:  0    Dex: 13    Spells: 3/3 levels left

rFire   . . .        a - +1 hand axe
rCold   . . .        c - orb {light}
rNeg    + . .        (body armour unavailable)
rPois   .            (helmet restricted)
rElec   .            (no cloak)
rCorr   .            (no gloves)
SInv    .            (no boots)
Will    .....        (no amulet)
Stlth   +            j - ring of positive energy
HPRegen 0.26/turn    (no ring)
MPRegen 0.09/turn

%: no passive effects
@: glowing
A: AC +5, unfitting armour, cold-blooded
a: no special abilities


You were on level 3 of the Dungeon.
You visited 1 branch of the dungeon, and saw 3 of its levels.

You collected 260 gold pieces.

Inventory:

Hand Weapons
 a - a +1 hand axe (weapon)
 l - a +2 dagger of venom
Missiles
 i - 4 datura-tipped darts (quivered)
Armour
 c - an orb of light (worn)
Jewellery
 e - an amulet of faith
 j - a ring of positive energy (left hand)
Scrolls
 m - a scroll of vulnerability {unknown}
 n - a scroll of amnesia {unknown}
 o - a scroll of teleportation {unknown}
Potions
 b - a potion of ambrosia
 d - a potion of resistance {unknown}
 f - a potion of lignification {unknown}
 g - a potion of cancellation {unknown}
 h - a potion of berserk rage {unknown}
 k - a potion of attraction {unknown}


   Skills:
 + Level 4.0 Fighting
 + Level 4.3 Axes
 + Level 3.3 Dodging


You had 3 spell levels left.
You didn't know any spells.
Your spell library contained the following spells:

 Spells                   Type           Power      Damage    Failure   Level
 Inner Flame              Hex/Fire       0%         N/A       75%         3
 Yara's Violent Unravell  Hex/Tmut       0%         3d3       100%        5
 Enfeeble                 Hex            0%         N/A       100%        7


Dungeon Overview and Level Annotations

Branches:
Dungeon (3/15)

Altars:
Fedhas

Shops:
D:3 :

Annotations:
D:3 Ijyb


Innate Abilities, Weirdness & Mutations

Your plain brown scales are hard. (AC +5)
You cannot fit into any form of body armour.
You are cold-blooded and may be slowed by cold attacks.


Message History

2 goblins and Ijyb come into view.
Ijyb is wielding a +0 club and carrying a wand of mindburst (14).
The goblin shouts! x2; Ijyb shouts!
The goblin throws a stone.
The stone closely misses you. The goblin barely misses you.
You hit the goblin but do no damage.
The goblin throws a stone.
The stone hits you. The goblin closely misses you.
Found 9 gold pieces.
The goblin hits you with a +0 dagger.
You hit Ijyb.
Ijyb is lightly wounded.
You hit the goblin. x3
You kill the goblin!
The goblin hits you with a +0 dagger. Ijyb hits you with a +0 club.
The goblin hits you but does no damage.
You hit Ijyb.
Ijyb is lightly wounded.
You hit the goblin. You closely miss the goblin. Ijyb closely misses you.
The goblin hits you but does no damage. The goblin misses you.
You barely miss Ijyb.
Ijyb is lightly wounded.
You hit the goblin.
You kill the goblin!
You hit the goblin.
You kill the goblin!
Ijyb hits you with a +0 club.
You hit Ijyb. You tail-slap Ijyb, but do no damage.
Ijyb is moderately wounded.
Ijyb barely misses you.
You hit Ijyb but do no damage.
Ijyb is moderately wounded.
Ijyb hits you with a +0 club.
You hit Ijyb but do no damage.
Ijyb is moderately wounded.
Ijyb screams, "I no like you!"
Ijyb zaps a wand.
Your mind is blasted!
* * * LOW HITPOINT WARNING * * *
You hit Ijyb but do no damage. You tail-slap Ijyb, but do no damage.
Ijyb is moderately wounded.
Ijyb zaps a wand.
Your mind is blasted!
You die...

#####..##
#...^..####
#..###..†..# # .
#.....# .#
#.....###### .#
#........).###..#
##########.....###
.8.8.8.8........
......g@..######
$.....))).#
..........#
............
.............
.8.8.8.8..####
###########


You could see Ijyb.

Vanquished Creatures
  Terence (D:2)
  2 adders (D:3)
  2 worms
  An orc (D:3)
  2 bats (D:1)
  5 endoplasms
  2 giant cockroaches (D:2)
  9 goblins
  6 hobgoblins
  3 jackals (D:1)
  4 ball pythons
  A kobold (D:1)
  6 rats
44 creatures vanquished.

Notes
Turn   | Place    | Note
-------+----------+-------------------------------------------
     0 | D:1      | rumournova the Draconian Monk began the quest for the Orb.
     0 | D:1      | Reached XP level 1. HP: 19/19 MP: 1/1
     0 | D:1      | Noticed a demigod
     1 | D:1      | Noticed a ghoul
     3 | D:1      | Noticed a naga
     3 | D:1      | Noticed an octopode
     7 | D:1      | Noticed a demonspawn
     8 | D:1      | Noticed a troll
     9 | D:1      | Noticed a dwarf
    11 | D:1      | Noticed a troll
    13 | D:1      | Noticed a ghoul
    13 | D:1      | Noticed a troll
    15 | D:1      | Noticed a formicid
    15 | D:1      | Noticed a tengu
    17 | D:1      | Noticed a gargoyle
    19 | D:1      | Noticed a vine stalker
    19 | D:1      | Noticed a merfolk
   241 | D:1      | Reached XP level 2. HP: 23/26 MP: 2/2
   657 | D:2      | Noticed Terence
   673 | D:2      | Killed Terence
   674 | D:2      | Reached XP level 3. HP: 12/33 MP: 3/3
  1202 | D:3      | Found a blossoming altar of Fedhas.
  1286 | D:3      | Reached XP level 4. HP: 39/40 MP: 4/4
  1320 | D:3      | Found Ytysayd's Book Shoppe.
  1438 | D:3      | Noticed Ijyb
  1449 | D:3      | Blown up by Ijyb

Illustrated notes

Levels and vault maps discovered:
D:1:      shiori_arrival_whats_in_store_for_you, layout_loops_ring
D:2:      wander_river, layout_rooms, uniq_terence
D:3:      kennysheep_the_goblin_king, layout_rooms,
          nicolae_overflow_crystal_walls, serial_shops,
          nicolae_shop_rolling_square

Skill      XL: |  1  2  3 |
---------------+----------+-----
Dodging        | 3 |  3.3
Axes           | 4 |  4.3
Fighting       | 4 |  4.0

Action                     |  1- 3 |  4- 6 || total
---------------------------+-------+-------++-------
  Melee: Hand axe          |   109 |    27 ||   136
         Tailslap          |    17 |     4 ||    21
    Use: Scroll            |     3 |       ||     3
         Potion            |     2 |       ||     2
 Armour: Skin              |    26 |     5 ||    31
  Dodge: Dodged            |    54 |    17 ||    71
